 Dungeon Crawl Stone Soup version 0.23.1 (webtiles) character file.

Game seed: 3581362175137804053

12971 Borgoz the Slicer (level 12, -3/73 HPs)
             Began as a Gargoyle Gladiator on Mar 9, 2019.
             Was a Follower of Ashenzari.
             Slain by an ice devil (7 damage)
             ... in an ice cave.
             The game lasted 00:24:46 (12605 turns).

Borgoz the Slicer (Gargoyle Gladiator)             Turns: 12605, Time: 00:24:47

Health: -3/73      AC: 26    Str: 18    XL:     12   Next: 1%
Magic:  24/24      EV: 16    Int: 10    God:    Ashenzari [*.....]
Gold:   857        SH:  0    Dex: 15    Spells: 11/11 levels left

rFire    . . .     SeeInvis .   b - +1 dagger (drain)
rCold    . . .     Gourm    .   (no shield)
rNeg     + . .     Faith    .   y - +0 ring mail
rPois    ∞         Spirit   .   c - +0 helmet
rElec    +         Reflect  .   k - +1 cloak {+Inv}
rCorr    .         Harm     .   g - +0 pair of gloves
MR       .....                  q - +0 pair of boots
Stlth    +++.......             (no amulet)
HPRegen  0.22/turn              m - +5 ring of protection
MPRegen  0.19/turn              z - ring of magical power

@: no status effects
A: negative energy resistance 1, electricity resistance, unbreathing,
petrification resistance, rot immunity, AC +8
a: Curse Item, Scrying, Renounce Religion, Evoke Invisibility


You were in an ice cave.
You worshipped Ashenzari.
Ashenzari was aware of your devotion.
You were not hungry.

You visited 2 branches of the dungeon, and saw 15 of its levels.
You also visited: Ossuary and Ice Cave.

You collected 857 gold pieces.

Inventory:

Hand Weapons
 a - a +1 rapier
 b - a +1 dagger of draining (weapon)
 J - a +0 antimagic dagger
Missiles
 d - 3 throwing nets (quivered)
 s - 30 poisoned needles
 D - 4 tomahawks
 G - 2 tomahawks of returning
Armour
 c - a +0 helmet (worn)
 g - a +0 pair of gloves (worn)
 k - a +1 cloak of invisibility (worn)
 q - a +0 pair of boots (worn)
 y - a +0 ring mail (worn)
Jewellery
 m - a +5 ring of protection (left hand)
 z - a ring of magical power (right hand)
 I - the amulet of Eveba {Reflect rF++ Slay-6 SH+2}
   (You took it off an orc priest on level 10 of the Dungeon)

   [amulet of reflection]

   It shields you and reflects attacks.
   It affects your accuracy and damage with ranged weapons and melee attacks
   (-6).
   It greatly protects you from fire.
   It affects your SH (+2).
Wands
 r - a wand of polymorph (9)
 A - a wand of digging (11)
Scrolls
 e - 3 scrolls of enchant weapon
 h - 12 scrolls of remove curse
 j - 7 scrolls of teleportation
 l - 4 scrolls of amnesia
 n - a scroll of random uselessness
 o - a scroll of fear
 p - a scroll of magic mapping
 t - 5 scrolls of fog
 u - a scroll of immolation
 B - a scroll of summoning
 F - a scroll of identify
Potions
 i - 2 potions of mutation
 v - 9 potions of curing
 w - 2 potions of magic
 x - 2 potions of brilliance
 C - a potion of cancellation
 E - a potion of heal wounds
Comestibles
 f - 28 rations


   Skills:
 + Level 8.0 Fighting
 * Level 9.4 Short Blades
 - Level 1.7 Throwing
 + Level 7.5 Armour
 * Level 8.7 Dodging
 + Level 7.9 Stealth
 + Level 4.4 Evocations


You had 11 spell levels left.
You didn't know any spells.
Your spell library contained the following spells:

 Spells                   Type           Power        Failure   Level  Hunger
 Beastly Appendage        Tmut           #.....       52%         1    ##.....
 Sticks to Snakes         Tmut           #.......     67%         2    ###....
 Spider Form              Tmut/Pois      #.........   88%         3    ####...
 Ice Form                 Ice/Tmut       #.......     99%         4    #####..
 Blade Hands              Tmut           #.........   100%        5    ######.


Dungeon Overview and Level Annotations

Branches:
Dungeon (14/15)            Temple (1/1) D:4            Lair (0/6) D:8
    Orc (0/2) D:10
 Vaults: D:13-14

Altars:
Ashenzari
Cheibriados
Dithmenos
Elyvilon
Fedhas
Gozag
Hepliaklqana
Kikubaaqudgha
Makhleb
Nemelex Xobeh
Okawaru
Qazlal
Ru
Sif Muna
Trog
Uskayaw
Vehumet
Wu Jian
Xom
Yredelemnul
Zin
The Shining One

Shops:
D:10 [

Annotations:
D:7 exclusion: ice statue
D:11 Fannar


Innate Abilities, Weirdness & Mutations

You are resistant to torment.
Your stone body is resilient. (AC +8)
You are immune to poison.
You resist negative energy. (rN+)
You are resistant to electric shocks. (rElec)
You can survive without breathing.
You are immune to petrification.
You are immune to rotting.


Message History

You closely miss the ice devil. The ice devil misses you.
You closely miss the ice devil. The ice devil barely misses you.
You hit the ice devil but do no damage. The ice devil barely misses you.
You barely miss the ice devil. The ice devil misses you.
The ice devil hits you but does no damage.
You hit the ice devil but do no damage. The ice devil hits you.
The ice devil freezes you!!
You hit the ice devil but do no damage. The ice devil hits you.
* * * LOW HITPOINT WARNING * * *
The ice devil freezes you!
* * * LOW HITPOINT WARNING * * *
You hit the ice devil but do no damage. The ice devil closely misses you.
You hit the ice devil but do no damage. The ice devil completely misses you.
You hit the ice devil.
The ice devil is lightly wounded.
The ice devil hits you but does no damage.
You hit the ice devil but do no damage.
The ice devil is lightly wounded.
The ice devil hits you!
You die...

...## ..... ......
...... #### ......#
######..##
.......##..##....##
.........4........#
⌠........4@...∩∩..#
.........##.......#
.......######....##
......# ##..##
...... #### ......
..... ...##


You could see 2 ice devils.

Vanquished Creatures
  A hydra (D:7)
  4 two-headed ogres
  A cyclops (D:12)
  A gargoyle (D:6)
  A troll (D:12)
  4 hippogriffs
  4 yaks
  2 shadows (D:12)
  A wyvern (D:10)
  2 hungry ghosts
  A steam dragon (D:12)
  3 vampire mosquitoes
  5 orc warriors
  A porcupine (D:8)
  10 black bears
  3 phantoms
  3 sky beasts
  2 ice beasts
  6 centaurs
  A necrophage (D:7)
  5 ogres
  A big kobold (D:10)
  5 bullfrogs
  Blork the orc (D:5)
  A wyvern zombie (D:10)
  3 water moccasin zombies (Ossuary)
  3 scorpions
  3 killer bees (D:8)
  A howler monkey (D:5)
  A bullfrog zombie (D:7)
  3 crimson imps
  7 hounds
  A jelly (D:9)
  A quasit (D:12)
  12 orc priests
  A bullfrog skeleton (D:12)
  2 centaur skeletons
  A gnoll shaman (D:5)
  4 iguanas
  12 orc wizards
  12 worker ants
  A killer bee zombie (D:9)
  A big kobold zombie (Ossuary)
  A hound skeleton (D:2)
  3 hound zombies (D:7)
  2 mummies (Ossuary)
  11 gnolls
  11 adders
  4 shadow imps
  2 oozes
  2 adder skeletons
  4 adder zombies
  2 worms
  2 dart slugs (D:1)
  6 leopard geckos
  49 orcs
  5 bats
  9 goblins
  6 hobgoblins
  3 jackals
  7 quokkas
  5 ball pythons
  2 frilled lizards (D:3)
  2 gnoll zombies (Ossuary)
  10 hobgoblin zombies (Ossuary)
  A jackal zombie (D:5)
  7 kobolds
  5 kobold zombies (Ossuary)
  A leopard gecko skeleton (D:4)
  A leopard gecko zombie (D:6)
  6 orc zombies (Ossuary)
  7 rats
314 creatures vanquished.

Vanquished Creatures (others)
  An orc wizard (D:7)
  An adder zombie (D:6)
  8 fungi (D:8)
  2 plants (D:8)
12 creatures vanquished.

Grand Total: 326 creatures vanquished

Notes
Turn   | Place    | Note
-------+----------+-------------------------------------------
     0 | D:1      | Borgoz the Gargoyle Gladiator began the quest for the Orb.
     0 | D:1      | Reached XP level 1. HP: 12/12 MP: 1/1
   113 | D:1      | Reached XP level 2. HP: 18/18 MP: 2/2
   274 | D:1      | Reached skill level 1 in Armour
   465 | D:1      | Reached skill level 3 in Short Blades
   465 | D:1      | Reached XP level 3. HP: 20/22 MP: 3/3
  1042 | D:2      | Reached XP level 4. HP: 23/27 MP: 4/4
  1244 | D:2      | Reached skill level 1 in Stealth
  1394 | D:3      | Reached XP level 5. HP: 32/32 MP: 5/5
  2084 | D:4      | Reached XP level 6. HP: 14/37 MP: 6/6
  2089 | D:4      | HP: 1/37 [orc priest/divine providence (13)]
  2094 | D:4      | Reached skill level 4 in Short Blades
  2462 | D:4      | HP: 1/38 [ogre/+0 giant club (1)]
  2465 | D:4      | Reached XP level 7. HP: 1/42 MP: 7/7
  2988 | D:4      | HP: 1/43 [gnoll/+0 spear (2)]
  3545 | D:4      | Found a staircase to the Ecumenical Temple.
  3636 | Temple   | Entered the Ecumenical Temple
  3813 | Temple   | Became a worshipper of Ashenzari the Shackled
  4079 | D:5      | Entered Level 5 of the Dungeon
  4272 | D:5      | Noticed a hippogriff
  4300 | D:5      | Killed a hippogriff
  4300 | D:5      | Reached skill level 5 in Short Blades
  4300 | D:5      | Reached XP level 8. HP: 37/48 MP: 8/8
  4499 | D:5      | Noticed Blork the orc
  4524 | D:5      | Killed Blork the orc
  4706 | D:5      | Reached skill level 5 in Dodging
  5649 | D:6      | Reached skill level 5 in Fighting
  5963 | D:6      | Noticed a hippogriff
  5983 | D:6      | Killed a hippogriff
  5983 | D:6      | Reached skill level 6 in Short Blades
  5983 | D:6      | Reached XP level 9. HP: 54/54 MP: 9/9
  6386 | D:6      | Noticed a gargoyle
  6502 | D:6      | Killed a gargoyle
  6972 | D:7      | Reached skill level 5 in Armour
  6980 | D:7      | Reached skill level 5 in Stealth
  7016 | D:7      | Reached skill level 1 in Evocations
  7044 | D:7      | Found a sand-covered staircase.
  7049 | Ossuary  | Entered an ossuary
  7561 | D:7      | Reached skill level 7 in Short Blades
  7660 | D:7      | Reached * piety under Ashenzari
  8051 | D:7      | Noticed an ice statue
  8265 | D:8      | Reached XP level 10. HP: 58/60 MP: 11/11
  8277 | D:8      | Noticed a four-headed hydra
  8425 | D:7      | Killed a four-headed hydra
  8501 | D:8      | Found a staircase to the Lair.
  8963 | D:8      | Found a shadowy altar of Dithmenos.
  9206 | D:8      | Reached skill level 8 in Short Blades
  9527 | D:9      | Noticed a two-headed ogre
  9530 | D:9      | Killed a two-headed ogre
  9530 | D:9      | Reached XP level 11. HP: 67/67 MP: 13/13
 10121 | D:10     | Entered Level 10 of the Dungeon
 10240 | D:10     | Found a staircase to the Orcish Mines.
 10240 | D:10     | Found Unlaor's Armour Emporium.
 10648 | D:10     | Noticed a two-headed ogre
 10653 | D:10     | Killed a two-headed ogre
 10692 | D:10     | Noticed a two-headed ogre
 10700 | D:10     | Killed a two-headed ogre
 10786 | D:10     | Reached skill level 9 in Short Blades
 10910 | D:10     | Identified the amulet of Eveba {Reflect rF++ Slay-6 SH+2}
 11898 | D:12     | Noticed a two-headed ogre
 11931 | D:11     | Noticed a cyclops
 11933 | D:11     | Noticed a brown ugly thing
 11933 | D:11     | Noticed Fannar
 11950 | D:11     | You fall through a shaft for 3 floors!
 12034 | D:12     | Noticed a cyclops
 12035 | D:12     | Killed a cyclops
 12087 | D:12     | Killed a two-headed ogre
 12255 | D:12     | Noticed a two-headed ogre
 12283 | D:12     | Reached XP level 12. HP: 36/73 MP: 15/15
 12297 | D:12     | Found a frozen archway.
 12308 | IceCv    | Entered an ice cave
 12605 | IceCv    | Slain by an ice devil

Skill      XL: |  1  2  3  4  5  6  7  8  9 10 11 |
---------------+----------------------------------+-----
Armour         | 1 2 3 4 5 6 7 |  7.5
Short Blades   | 3 4 5 6 7 8 9 |  9.4
Dodging        | 3 4 5 6 7 8 |  8.7
Fighting       | 3 4 5 6 7 8 |  8.0
Stealth        | 1 2 3 4 5 6 7 |  7.9
Evocations     | 1 3 4 |  4.4
Throwing       | |  1.7

Action                   |  1- 3 |  4- 6 |  7- 9 | 10-12 || total
-------------------------+-------+-------+-------+-------++-------
Melee: Rapier            |    90 |   162 |   230 |     9 ||   491
       Dagger            |       |       |   664 |  1344 ||  2008
 Abil: Evoke Invisibilit |       |       |       |     2 ||     2
Evoke: Wand              |       |       |       |     1 ||     1
  Use: Potion            |       |     5 |     1 |     3 ||     9
       Scroll            |       |     5 |     5 |     7 ||    17
 Stab: Sleeping          |       |     2 |    14 |    17 ||    33
       Distracted        |       |       |     1 |     1 ||     2
       Invisible         |       |       |       |     3 ||     3
  Eat: Chunk             |       |     5 |    18 |    18 ||    41
       Ration            |       |       |       |     2 ||     2
Armor: Leather armour    |    36 |    49 |   100 |       ||   185
       Ring mail         |       |       |   236 |   526 ||   762
Dodge: Dodged            |    61 |    88 |   509 |   908 ||  1566
